 Dungeon Crawl Stone Soup version 0.27-a0-25-g087482e4d5 (webtiles) character file.

Game seed: 4042622569288976622

123 DocSulfur the Ruffian (level 4, 0/35 HPs)
             Began as a Draconian Transmuter on Jan 3, 2021.
             Was an Initiate of Qazlal.
             Slain by Sigmund
             ... wielding a +2 vampiric scythe
              (11 damage)
             ... on level 3 of the Dungeon.
             The game lasted 00:07:33 (3531 turns).

DocSulfur the Ruffian (Draconian Transmuter)        Turns: 3531, Time: 00:07:33

Health: 0/35       AC:  5    Str: 14    XL:     4   Next: 79%
Magic:  7/8        EV: 12    Int: 13    God:    Qazlal [......]
Gold:   209        SH:  0    Dex: 11    Spells: 5/8 levels left

rFire    . . .     SeeInvis .     - Unarmed
rCold    . . .     Faith    .   (no shield)
rNeg     . . .     Spirit   .   (armour unavailable)
rPois    .         Reflect  .   (helmet currently unavailable)
rElec    .         Harm     .   (no cloak)
rCorr    .         Rampage  .   (no gloves)
Will     .....                  (boots currently unavailable)
Stlth    +.........             (no amulet)
HPRegen  0.11/turn              (no ring)
MPRegen  0.11/turn              (no ring)

@: confused, appendages (expiring)
A: unfitting armour, horns 2, talons 2, cold-blooded, AC +5
a: End Transformation, Renounce Religion


You were on level 3 of the Dungeon.
You worshipped Qazlal.
Qazlal was noncommittal.
You had grown temporary horns.
You had grown temporary talons.
You visited 1 branch of the dungeon, and saw 3 of its levels.

You collected 209 gold pieces.

Inventory:

Missiles
 o - 7 poisoned darts
Armour
 a - a +0 pair of boots (melded)
Scrolls
 b - 2 scrolls of teleportation
 c - a scroll of fear {unknown}
 e - a scroll of fog {unknown}
 f - a scroll of identify
 g - 3 scrolls of remove curse
 m - a scroll of noise {unknown}
 n - a scroll of enchant armour {unknown}
 p - a scroll of blinking {unknown}
Potions
 d - a potion of cancellation
 h - 4 potions of curing
 i - a potion of invisibility
 j - a potion of resistance
 k - a potion of degeneration {unknown}
 l - a potion of lignification {unknown}
 q - a potion of magic {unknown}


   Skills:
 - Level 1.1 Fighting
 - Level 1.7 Dodging
 + Level 0.3 Stealth
 * Level 4.5 Unarmed Combat
 + Level 2.7 Spellcasting
 * Level 3.0 Transmutations


You had 5 spell levels left.
You knew the following spells:

 Your Spells              Type           Power        Failure   Level
a - Beastly Appendage     Tmut           18%          7%          1
b - Wereblood             Tmut           9%           11%         2

Your spell library contained the following spells:

 Spells                   Type           Power        Failure   Level
 Spider Form              Tmut/Pois      2%           36%         3
 Ice Form                 Ice/Tmut       5%           77%         4
 Blade Hands              Tmut           4%           88%         5


Dungeon Overview and Level Annotations

Branches:
Dungeon (3/15)

Altars:
Ashenzari
Dithmenos
Elyvilon
Gozag
Qazlal
The Shining One

Annotations:
D:3 Sigmund


Innate Abilities, Weirdness & Mutations

Your plain brown scales are hard. (AC +5)
You cannot fit into any form of body armour.
You are cold-blooded and may be slowed by cold attacks.
You have a pair of horns on your head.
You have razor-sharp toenails.


Message History

The adder closely misses you. Something hits you.
You completely miss the adder.
The adder is almost dead.
The adder bites you but does no damage.
You hit the adder but do no damage. You claw the adder.
You kill the adder!
Qazlal accepts your kill. Something hits you.
Your Transmutations skill increases to level 3!
A magic dart appears from out of thin air!
The magic dart hits you.
* * * LOW HITPOINT WARNING * * *
You are confused.
You bump into the rock wall.
You're too confused to move!
Your transformation is almost over.
You hear some strange, mumbled words.
Something tries to affect you, but you resist.
Something hits you!
You die...

#.+...(..# #........##.....###.##
#.#......###...<..######...# #..#
..#......##..........###...###..#
.................###.#..........#
............(....+..............>
....###.#........#...####..#.#...
#.......##.......#..## ##.<#.#...
...#######.......#...###...#....#
...# #..####@.....##.......##
...# ##.# #......'#.....### ...#
#.# #......###....# ...# #†##
#......# #....#
...########..######..####.#..###
..............##.....###......[#
..(......)....##........##÷..#.##
##..(.........##.....####....#.#.
#.(..........##.....#.........#.


There were no monsters in sight!

Vanquished Creatures
  6 adders
  An ooze (D:1)
  A worm (D:2)
  3 dart slugs
  2 leopard geckos
  A ball python (D:2)
  7 bats
  3 giant cockroaches
  7 goblins
  8 hobgoblins
  A quokka (D:3)
  3 frilled lizards
  5 kobolds
  7 rats
55 creatures vanquished.

Notes
Turn   | Place    | Note
-------+----------+-------------------------------------------
     0 | D:1      | DocSulfur the Draconian Transmuter began the quest for the
                  | Orb.
     0 | D:1      | Reached XP level 1. HP: 16/16 MP: 3/3
   147 | D:1      | Reached XP level 2. HP: 19/23 MP: 3/5
   213 | D:1      | Learned a level 2 spell: Wereblood
   678 | D:1      | Found a glowing golden altar of the Shining One.
   888 | D:1      | Reached XP level 3. HP: 15/28 MP: 6/6
  1564 | D:2      | Reached skill level 4 in Unarmed Combat
  1758 | D:2      | Noticed a phantom
  2237 | D:2      | Found a white marble altar of Elyvilon.
  2339 | D:2      | Reached XP level 4. HP: 33/35 MP: 7/7
  2425 | D:2      | Found a broken altar of Ashenzari.
  2492 | D:2      | Found an opulent altar of Gozag.
  2507 | D:2      | Found a shadowy altar of Dithmenos.
  2819 | D:2      | Found an opulent altar of Gozag.
  3034 | D:3      | Found a stormy altar of Qazlal.
  3048 | D:3      | Became a worshipper of Qazlal Stormbringer
  3474 | D:3      | Noticed Sigmund
  3531 | D:3      | Slain by Sigmund

Illustrated notes

Levels and vault maps discovered:
D:1:      dpeg_arrival_rooms_a, layout_basic, tso_altar
D:2:      layout_basic, nicolae_overflow_quartered_altars, grunt_gozag_statues
D:3:      minmay_roachtagon, layout_basic, overflow_temple_1_default,
          nemelex_xobeh_ov_fountains_minmay, nrook_mini_backslash, uniq_sigmund

Skill      XL: |  1  2  3  4 |
---------------+-------------+-----
Unarmed Combat | 4 |  4.5
Transmutations | 3 |  3.0
Fighting       | |  1.1
Dodging        | |  1.7
Stealth        | |  0.3
Spellcasting   | |  2.7

Action                   |  1- 3 |  4- 6 || total
-------------------------+-------+-------++-------
Melee: Unarmed           |   122 |    48 ||   170
       Kick              |    21 |     6 ||    27
       Tailslap          |    12 |     2 ||    14
       Headbutt          |    10 |     2 ||    12
 Cast: Beastly Appendage |    29 |     9 ||    38
       Wereblood         |     1 |       ||     1
  Use: Scroll            |     7 |       ||     7
       Potion            |       |     1 ||     1
Armor: Skin              |    35 |    21 ||    56
Dodge: Dodged            |    98 |    62 ||   160

Table legend: (Time is in decaauts)
 A = Elapsed time spent in this place.
 B = Non-inter-level travel time spent in this place.
 C = Inter-level travel time spent in this place.
 D = Time resting spent in this place.
 E = Time spent auto-exploring this place.
 F = Levels seen in this place.
 G = Mean time per level.
                   A        B        C        D        E       F      G
               +--------+--------+--------+--------+--------+-----+--------+
         Total |   3517 |   3517 |      0 |      5 |   2714 |   3 | 1172.3 |
       Dungeon |   3517 |   3517 |      0 |      5 |   2714 |   3 | 1172.3 |
               +--------+--------+--------+--------+--------+-----+--------+

Top non-repeatable levels by time:
     D:1: 1700 daAuts
     D:2: 1293 daAuts
     D:3: 524 daAuts
